 Dungeon Crawl Stone Soup version 0.27-a0-1529-g1e82c303ef (webtiles) character file.

Game seed: 12092928378560381270

46 quinnr the Gusty (level 3, -2/19 HPs)
             Began as a Tengu Air Elementalist on July 11, 2021.
             Slain by an adder (4 damage)
             ... on level 2 of the Dungeon on July 12, 2021.
             The game lasted 00:02:37 (1614 turns).

quinnr the Gusty (Tengu Air Elementalist)           Turns: 1614, Time: 00:02:37

Health: -2/19      AC:  2    Str:  8    XL:     3   Next: 66%
Magic:  0/7        EV: 12    Int: 16    God:
Gold:   109        SH:  0    Dex: 14    Spells: 6/6 levels left

rFire    . . .     SeeInvis .   (no weapon)
rCold    . . .     Faith    .   (no shield)
rNeg     . . .     Spirit   .   a - +0 robe
rPois    .         Reflect  .   (helmet restricted)
rElec    .         Harm     .   (no cloak)
rCorr    .         Rampage  .   (no gloves)
Will     .....                  (boots unavailable)
Stlth    ++........             (no amulet)
HPRegen  0.06/turn              (no ring)
MPRegen  0.10/turn              (no ring)

@: lethally poisoned (-2 -> -5)
A: beak, talons 3
a: no special abilities


You were on level 2 of the Dungeon.
You visited 1 branch of the dungeon, and saw 2 of its levels.

You collected 109 gold pieces.

Inventory:

Missiles
 e - 7 poisoned darts
Armour
 a - a +0 robe (worn)
Scrolls
 b - a scroll of amnesia
 c - 2 scrolls of identify {unknown}
 d - a scroll of teleportation {unknown}


   Skills:
 - Level 2.1 Dodging
 - Level 2.0 Stealth
 - Level 2.0 Spellcasting
 - Level 1.3 Conjurations
 + Level 6.0 Air Magic


You had 6 spell levels left.
You didn't know any spells.
Your spell library contained the following spells:

 Spells                   Type           Power      Damage    Failure   Level
 Shock                    Conj/Air       52%        1d6       4%          1
 Swiftness                Air            21%        N/A       4%          3
 Static Discharge         Conj/Air       13%        N/A       7%          2
 Airstrike                Air            10%        N/A       17%         4


Dungeon Overview and Level Annotations

Branches:
Dungeon (2/15)

Altars:


Innate Abilities, Weirdness & Mutations

You have a beak for a mouth.
You have claws for feet.


Message History

Casting: Shock (safe; 4% risk of failure)
Confirm with . or Enter, or press ? or * to list all spells.
Aiming: Shock (safe; 4% risk of failure)
Press: ? - help, Shift-Dir - straight line The zap hits the adder.
The adder is heavily wounded.
The zap misses the adder.
You feel sick. The adder closely misses you. The adder bites you.
You are more poisoned.
The adder poisons you!
Casting: Shock (safe; 4% risk of failure)
Confirm with . or Enter, or press ? or * to list all spells.
You don't have enough magic to cast this spell.
Unknown command.
Casting: Shock (safe; 4% risk of failure)
Confirm with . or Enter, or press ? or * to list all spells.
You don't have enough magic to cast this spell.
Unknown command.
You aren't carrying any items that you can evoke.
Unknown command.
You aren't carrying any potions.
You closely miss the adder. Your peck misses the adder.
The adder is heavily wounded.
You feel sick. The adder bites you.
* * * LOW HITPOINT WARNING * * *
Unknown command.
You aren't carrying any potions.
Unknown command.
As you read the scroll labelled KER AJ ESIMES, it crumbles to dust.
It is a scroll of amnesia.
Forget Shock, freeing 1 spell level for a total of 6?
Your memory of Shock unravels.
* * * LOW HITPOINT WARNING * * *
You feel sick. The adder closely misses you.
Unknown command.
You hit the adder.
The adder is severely wounded.
* * * LOW HITPOINT WARNING * * *
You feel sick. The adder bites you but does no damage. The adder bites you.
You die...

..+...........#....<###
..#.............###.#
.##.######....#...#.#
.##.# ###.##.....#.#
....# #............#
##### #.....#...######
########.....#...†....#
........##'#.#...).##.#
........##...#..@.....#
........######.#S..####
........# #.#...#
........# #....##
........# #..###
........# #..#
...^....######..#
................#########
........##...............


You could see an adder.

Vanquished Creatures
  2 orcs (D:2)
  3 bats
  4 endoplasms
  2 giant cockroaches (D:1)
  A goblin (D:2)
  2 hobgoblins (D:1)
  6 jackals
  7 kobolds
  2 quokkas (D:1)
  3 ball pythons (D:1)
  4 rats
36 creatures vanquished.

Notes
Turn   | Place    | Note
-------+----------+-------------------------------------------
     0 | D:1      | quinnr the Tengu Air Elementalist began the quest for the
                  | Orb.
     0 | D:1      | Reached XP level 1. HP: 10/10 MP: 4/4
   291 | D:1      | Reached XP level 2. HP: 15/15 MP: 0/6
   377 | D:1      | Found a faded altar of an unknown god.
   408 | D:1      | Reached skill level 5 in Air Magic
   681 | D:1      | Reached XP level 3. HP: 19/19 MP: 3/7
  1464 | D:2      | Reached skill level 6 in Air Magic
  1614 | D:2      | Slain by an adder

Illustrated notes

Levels and vault maps discovered:
D:1:      mrwooster_arrival_statue_2, layout_loops_ring,
          ebering_ecumenical_altar_box, minmay_misc_feat_encased
D:2:      layout_basic, kennysheep_generic_room_10

Skill      XL: |  1  2  3 |
---------------+----------+-----
Air Magic      | 5 6 |  6.0
Dodging        | |  2.1
Stealth        | |  2.0
Spellcasting   | |  2.0
Conjurations   | |  1.3

Action                   || total
-------------------------++-------
Melee: Unarmed           ||     9
       Peck              ||     3
       Kick              ||     1
 Cast: Shock             ||    65
  Use: Scroll            ||     1
Armor: Robe              ||     2
Dodge: Dodged            ||    24

Table legend: (Time is in decaauts)
 A = Elapsed time spent in this place.
 B = Non-inter-level travel time spent in this place.
 C = Inter-level travel time spent in this place.
 D = Time resting spent in this place.
 E = Time spent auto-exploring this place.
 F = Levels seen in this place.
 G = Mean time per level.
                   A        B        C        D        E       F      G
               +--------+--------+--------+--------+--------+-----+--------+
         Total |   1613 |   1608 |      5 |     51 |   1392 |   2 |  806.5 |
       Dungeon |   1613 |   1608 |      5 |     51 |   1392 |   2 |  806.5 |
               +--------+--------+--------+--------+--------+-----+--------+

Top non-repeatable levels by time:
     D:1: 984 daAuts
     D:2: 629 daAuts
